Map: Abyssal Reef LE

Players

IIIIIIIIIIII - Winner!

  • Race: Terran Terran
  • League: Master
  • Spawn Location: 5:00

Kawasaki

  • Race: Terran Terran
  • League: Diamond
  • Spawn Location: 11:00

VOD

Have the link to the VOD?

Description

Time

  • Played on: Dec. 6, 2017, 9:14 p.m.
  • Length: 26:39
Show
View Real Time Build Order
Export as new Build Order

IIIIIIIIIIII Terran - Winner!

Build Orders: 1/1/1, Mech 

Get SALT Encoding   

  12  0:00  SCV  
  13  0:13  SCV  
  14  0:18  Supply Depot  
  14  0:25  SCV  
  15  0:42  Barracks  
  15  0:45  SCV  
  15  0:48  Refinery  
  16  0:51  Refinery  
  16  0:57  SCV  
  17  1:10  SCV  
  18  1:22  SCV  
  19  1:29  Marine  
  20  1:32  Factory  
  20  1:39  Orbital Command  
  20  1:47  Marine  
  21  1:56  Supply Depot  
  21  2:04  SCV  
  21  2:07  Barracks Reactor  
  22  2:17  Starport  
  22  2:20  SCV  
  23  2:29  Factory Tech Lab  
  23  2:32  SCV  
  24  2:43  Marine x2  
  24  2:44  SCV  
  27  2:49  Supply Depot  
  27  2:50  Siege Tank  
  30  2:56  SCV  
  31  3:05  Marine  
  31  3:19  Marine, SCV  
  33  3:37  Command Center, Raven  
  33  3:41  Cyclone  
  38  3:42  SCV  
  39  3:49  Supply Depot  
  39  4:11  SCV  
  39  4:16  Command Center  
  40  4:24  SCV  
  41  4:29  Siege Tank  
  44  4:31  Viking  
  44  4:36  SCV  
  47  4:49  SCV  
  48  5:01  SCV  
  48  5:06  Siege Tank  
  52  5:13  SCV  
  53  5:16  Orbital Command  
  53  5:19  Viking x2  
  57  5:25  Refinery, SCV  
  57  5:27  Refinery  
  59  5:37  Orbital Command  
  59  5:40  SCV, Liberator  
  59  5:43  SCV  
  60  5:52  SCV  
  60  5:53  Siege Tank  
  60  5:55  SCV  
  65  6:04  SCV, Supply Depot  
  69  6:07  SCV  
  69  6:09  SCV  
  70  6:19  SCV  
  70  6:20  SCV  
  71  6:25  Siege Tank  
  71  6:30  Factory, SCV  
  75  6:33  SCV, Supply Depot  
  75  6:35  Supply Depot  
  75  6:39  SCV  
  77  6:41  Viking, Factory  
  77  6:42  Viking  
  77  6:43  SCV  
  81  6:56  SCV x2  
  81  7:00  Siege Tank  
  81  7:01  Engineering Bay, SCV  
  87  7:10  SCV  
  87  7:14  Orbital Command  
  88  7:16  SCV  
  88  7:22  SCV  
  90  7:26  Factory Tech Lab x2, Supply Depot  
  90  7:27  Factory Reactor  
  90  7:28  SCV  
  91  7:30  Refinery  
  91  7:34  SCV  
  91  7:36  Siege Tank, Factory  
  95  7:37  Factory  
  95  7:40  Refinery, SCV x2  
  97  7:46  SCV  
  97  7:49  Siege Tank  
  101  7:52  SCV x2  
  103  7:58  SCV, Supply Depot  
  103  8:04  SCV x2  
  106  8:09  Siege Tank  
  106  8:10  Missile Turret  
  109  8:13  Missile Turret  
  109  8:16  Viking x2, SCV x2  
  115  8:21  Missile Turret x2, SCV  
  115  8:25  Siege Tank, Factory Tech Lab  
  115  8:26  Factory Reactor, Missile Turret  
  119  8:35  Hellion x2  
  123  8:45  Armory x2, Missile Turret x2  
  125  8:52  Supply Depot  
  125  8:54  Supply Depot  
  123  9:10  Starport  
  123  9:13  Siege Tank x3  
  132  9:17  Command Center  
  132  9:23  Supply Depot  
  132  9:26  Supply Depot  
  132  9:27  Refinery  
  132  9:28  Supply Depot  
  132  9:30  Supply Depot x2  
  131  9:36  Terran Ship Weapons Level 1, Terran Vehicle And Ship Armor Level 1  
  131  9:38  Starport  
  131  9:39  Starport  
  131  9:43  Viking x2  
  135  9:49  Starport Reactor  
  135  9:56  Sensor Tower  
  135  9:57  Sensor Tower  
  135  10:04  Widow Mine  
  135  10:05  Widow Mine x6  
  149  10:09  Liberator  
  149  10:12  Liberator  
  149  10:22  Sensor Tower  
  149  10:24  Starport Reactor x2  
  149  10:25  Viking  
  149  10:26  Viking  
  156  10:31  Orbital Command  
  159  10:36  Refinery  
  158  11:07  Viking x5  
  166  11:15  Viking x2  
  166  11:16  Viking  
  165  11:37  Viking  
  165  11:39  Viking  
  167  11:40  Viking x3  
  167  11:45  Terran Vehicle And Ship Armor Level 2  
  167  11:46  Terran Ship Weapons Level 2  
  173  11:47  Siege Tank  
  173  11:53  Command Center  
  176  11:56  Missile Turret, Liberator  
  176  11:57  Missile Turret  
  185  12:15  Liberator  
  185  12:16  Liberator x4  
  179  12:35  Siege Tank  
  191  12:42  Missile Turret  
  191  12:56  Liberator x3  
  184  13:14  Siege Tank x2  
  199  13:32  Liberator x4  
  188  14:21  Refinery  
  188  14:23  Refinery  
  173  14:55  Siege Tank x3  
  173  14:58  Missile Turret  
  182  15:00  Missile Turret  
  182  15:02  Missile Turret  
  182  15:04  Missile Turret x2  
  182  15:05  Missile Turret  
  182  15:08  Terran Vehicle And Ship Armor Level 3  
  182  15:09  Terran Ship Weapons Level 3  
  182  15:15  Planetary Fortress  
  182  15:22  Command Center  
  182  15:27  Siege Tank  
  185  15:30  Missile Turret  
  185  15:34  Missile Turret  
  185  15:47  Liberator x6  
  174  15:56  Thor x2  
  165  15:59  Thor  
  185  16:23  Liberator  
  185  16:24  Liberator  
  185  16:25  Missile Turret  
  185  16:27  Missile Turret  
  185  16:30  Liberator  
  152  17:13  Siege Tank x2, Liberator x2  
  152  17:14  Siege Tank, Hellion x2  
  149  17:29  Hellion x2  
  159  17:40  Viking x2  
  159  17:41  Viking x2  
  131  17:56  Widow Mine x7  
  142  18:02  Missile Turret  
  142  18:03  Missile Turret  
  134  18:11  SCV x2  
  134  18:12  SCV x2  
  126  18:23  SCV  
  126  18:24  Widow Mine, Viking x3, SCV  
  126  18:25  Widow Mine x2  
  137  18:33  Widow Mine x4  
  139  18:49  Drilling Claws  
  135  19:03  Widow Mine x3  
  141  19:18  Widow Mine  
  141  19:19  Refinery, Widow Mine x3  
  141  19:20  Viking  
  141  19:21  Viking x5  
  141  19:22  Refinery  
  161  19:31  Widow Mine  
  161  19:37  Orbital Command  
  161  19:38  Widow Mine x2  
  167  19:47  Widow Mine  
  169  20:03  Widow Mine x3  
  168  20:17  Viking x3  
  168  20:18  Viking  
  174  20:32  Widow Mine x3  
  177  20:47  Widow Mine x4  
  170  21:01  Widow Mine  
  172  21:13  Command Center x2  
  147  22:25  Missile Turret  
  147  22:27  Missile Turret x2  
  149  22:30  Missile Turret x2  
  149  22:38  Missile Turret  
  149  22:39  Missile Turret  
  145  23:07  Orbital Command x2  
  143  23:19  Orbital Command  
  139  24:09  Refinery x2  
  139  24:12  Supply Depot  
  139  24:15  Engineering Bay, Supply Depot x2  
  139  24:16  Supply Depot  
  139  24:21  Supply Depot  
  139  24:50  Missile Turret  
  139  24:52  Missile Turret  
  139  24:54  Building Armor, Missile Turret x2  
  139  24:55  Missile Turret x2  
  139  25:09  Orbital Command  
  139  25:10  SCV  
  139  25:11  Missile Turret  
  140  25:17  Orbital Command  
  140  25:20  Factory  
  140  25:22  SCV  
  139  25:35  SCV  
  136  25:47  SCV  
  133  25:59  SCV  
Show
View Real Time Build Order
Export as new Build Order

Kawasaki Terran 

Build Orders: Cyclone Opening, Reaper Expand, Bio Tank 

Get SALT Encoding   

  12  0:00  SCV  
  13  0:12  SCV  
  14  0:17  Supply Depot  
  14  0:25  SCV  
  15  0:37  Refinery  
  15  0:39  SCV  
  16  0:45  Barracks  
  16  0:51  SCV  
  17  1:03  SCV  
  18  1:16  SCV  
  19  1:32  Orbital Command  
  19  1:33  Reaper  
  20  1:42  Command Center  
  20  1:56  Factory  
  20  1:58  SCV  
  21  2:06  Supply Depot  
  21  2:07  Marine  
  22  2:10  SCV  
  23  2:16  Refinery  
  23  2:25  Barracks Reactor  
  23  2:28  SCV  
  24  2:40  SCV  
  25  2:47  Cyclone  
  28  2:52  SCV  
  29  3:06  Marine x2  
  29  3:10  Starport, SCV  
  29  3:11  Orbital Command  
  32  3:31  Marine x2  
  32  3:32  Factory Tech Lab  
  34  3:43  SCV x2  
  34  3:46  Supply Depot  
  36  3:52  Siege Tank, Marine x2  
  36  3:55  Viking  
  43  3:56  SCV x2  
  43  4:00  Supply Depot  
  45  4:06  Barracks  
  45  4:09  Barracks  
  45  4:11  Marine x2  
  47  4:18  Supply Depot  
  47  4:19  SCV x2  
  49  4:29  Marine x2  
  49  4:30  Siege Tank  
  54  4:35  SCV x2  
  54  4:36  Viking  
  58  4:47  SCV x2  
  58  4:51  Marine  
  58  4:52  Marine  
  62  4:53  Barracks Tech Lab  
  62  4:59  SCV  
  64  5:00  SCV, Supply Depot  
  64  5:04  Barracks Reactor  
  64  5:07  Siege Tank  
  67  5:09  Starport Reactor, Marine x2  
  67  5:11  SCV  
  67  5:12  Refinery  
  70  5:15  Refinery  
  70  5:22  SCV  
  70  5:23  Marine  
  70  5:28  SCV  
  72  5:33  Supply Depot  
  72  5:34  SCV  
  73  5:35  Stimpack  
  73  5:44  Command Center  
  73  5:46  Marine x5  
  78  5:54  Medivac, SCV, Supply Depot  
  81  5:58  Supply Depot  
  81  6:18  Marine x5  
  84  6:25  Siege Tank, SCV x2  
  90  6:29  Barracks  
  90  6:32  Barracks  
  91  6:35  Factory  
  91  6:37  Marine  
  91  6:38  Marine x4  
  96  6:44  SCV x2  
  98  6:50  Supply Depot  
  98  6:56  SCV  
  98  6:57  Siege Tank  
  98  6:58  Marine x3  
  98  6:59  Marine  
  106  7:14  Marine  
  107  7:15  Marine  
  107  7:16  Marine x2  
  107  7:17  Marine, Supply Depot  
  107  7:19  Supply Depot  
  107  7:21  SCV x2  
  113  7:25  Orbital Command  
  113  7:31  Barracks Reactor x2, Marine  
  113  7:33  Marine  
  113  7:36  Engineering Bay  
  115  7:37  SCV  
  115  7:38  Engineering Bay, SCV  
  115  7:39  Marine x3  
  120  7:51  Marine x2  
  120  7:52  Siege Tank  
  120  7:53  Factory Tech Lab  
  120  7:55  SCV x3  
  120  7:56  Marine  
  120  7:57  Marine  
  120  7:58  Combat Shields  
  130  8:01  Viking  
  130  8:03  Viking  
  131  8:08  SCV x2  
  131  8:10  Refinery x2  
  133  8:12  Marine  
  133  8:13  Marine x3, Starport  
  133  8:15  SCV  
  133  8:19  Terran Infantry Weapons Level 1  
  138  8:20  Terran Infantry Armor Level 1  
  138  8:29  SCV  
  138  8:30  Armory, SCV  
  138  8:33  Supply Depot x2  
  140  8:35  Supply Depot  
  140  8:36  SCV  
  141  8:52  Starport Reactor  
  141  8:54  Viking x2, Marine x4, SCV  
  150  9:06  Marine x5  
  150  9:08  Siege Tank x2  
  161  9:12  Marine x2  
  161  9:13  Supply Depot x2  
  161  9:16  SCV x2  
  161  9:17  SCV  
  166  9:24  Viking x2  
  166  9:31  Command Center  
  170  9:33  Marine x3, Terran Vehicle Weapons Level 1  
  170  9:34  Marine x3  
  170  9:37  Marine  
  170  9:38  Viking  
  179  9:43  Viking  
  181  9:46  Siege Tank  
  184  10:02  Marine x2  
  184  10:03  Marine x3  
  189  10:18  Siege Tank, Marine x4  
  189  10:19  Terran Infantry Weapons Level 2, Terran Infantry Armor Level 2  
  196  10:23  Command Center  
  196  10:32  Sensor Tower  
  196  10:37  Sensor Tower  
  196  10:39  Siege Tank  
  191  11:10  Viking  
  191  11:11  Viking x3  
  167  11:40  Viking  
  167  11:41  Terran Ship Weapons Level 1, Viking x2  
  167  11:46  Starport  
  173  11:47  Starport x2  
  173  11:48  Starport  
  173  11:49  Starport  
  173  11:51  Planetary Fortress, Refinery  
  173  11:52  Fusion Core  
  173  11:53  Orbital Command  
  173  11:59  Viking  
  175  12:19  Viking x3  
  177  12:32  Starport Reactor x2, Starport Tech Lab x2  
  177  12:33  Refinery, Starport Tech Lab  
  177  12:36  Viking  
  179  12:39  Starport Tech Lab  
  179  12:53  Viking x3  
  183  13:10  SCV  
  178  13:22  SCV  
  178  13:27  Viking x6  
  181  13:28  Viking x2  
  170  13:46  Viking x2  
  157  13:57  Viking x6  
  157  14:00  Viking x2  
  172  14:03  Terran Ship Weapons Level 2  
  172  14:10  Refinery  
  172  14:11  Refinery  
  172  14:16  Viking x2  
  170  14:24  Siege Tank x2  
  170  14:27  Viking x6  
  170  14:30  Viking  
  182  14:42  Viking  
  184  14:46  Viking x2  
  188  14:56  Viking  
  188  14:57  Viking x2  
  194  15:07  Viking x3  
  200  15:32  Command Center  
  200  15:43  Command Center  
  188  15:51  Viking  
  188  15:52  Viking x3  
  184  16:01  Battlecruiser  
  184  16:02  Battlecruiser  
  188  16:06  Battlecruiser  
  194  16:13  Battlecruiser  
  193  17:03  Viking  
  193  17:04  Viking x5  
  145  17:17  Siege Tank  
  145  17:18  Siege Tank  
  145  17:21  Terran Ship Weapons Level 3  
  145  17:22  Battlecruiser x2  
  154  17:28  Weapon Refit  
  151  17:31  Orbital Command  
  151  17:32  Refinery  
  145  17:54  Battlecruiser  
  151  18:04  Refinery  
  151  18:05  SCV  
  149  18:13  Battlecruiser  
  149  18:17  SCV  
  156  18:27  Battlecruiser  
  162  18:31  Viking x3  
  162  18:33  Battlecruiser  
  170  19:09  Battlecruiser  
  176  19:17  Battlecruiser  
  188  19:38  Battlecruiser  
  178  20:08  Viking x4  
  178  20:09  Viking x2  
  120  21:19  Starport x3  
  120  21:21  Starport  
  120  21:22  Starport, Refinery  
  120  21:25  Supply Depot  
  116  21:26  Supply Depot  
  116  21:58  Orbital Command  
  96  22:18  Viking  
  96  22:19  Viking x2  
  102  22:32  SCV  
  102  22:44  SCV  
  102  22:46  Viking x2  
  102  22:49  Orbital Command  
  99  23:01  Refinery  
  99  23:03  Refinery  
  99  23:05  Refinery  
  99  23:06  Refinery  
  81  24:29  Supply Depot  
  81  24:51  Supply Depot  
  80  25:39  Supply Depot  
  80  25:40  Supply Depot  
Tags
 
Add a new tag
Caveats
  • Supply blocks, unpowered buildings, or Contaminate may cause inaccurate times.
  • Supply counts are checked every 10 seconds.